 Dungeon Crawl Stone Soup version 0.30-a0-389-g8d7d949f56 (webtiles) character file.

Game seed: 5834242652009229814

3371 arthad the Chiller (level 9, -7/62 (68) HPs)
             Began as a Demonspawn Wanderer on Dec 3, 2022.
             Was an Initiate of Makhleb.
             Mangled by a killer bee (8 damage)
             ... on level 6 of the Dungeon.
             The game lasted 00:25:51 (8504 turns).

arthad the Chiller (Demonspawn Wanderer)            Turns: 8504, Time: 00:25:52

HP:   -7/62 (68)    AC:  9    Str: 12 (14) XL:     9   Next: 73%
MP:   16/16         EV: 12    Int: 15 (16) God:    Makhleb [......]
Gold: 380           SH:  0    Dex: 12 (13) Spells: 10/17 levels left

rFire   . . .      SeeInvis .    C - +3 halberd
rCold   + . .      Faith    .    (shield currently unavailable)
rNeg    . . .      Spirit   .    w - +0 acid dragon scales
rPois   .          Reflect  .    (no helmet)
rElec   .          Harm     .    (no cloak)
rCorr   +          Rampage  .    o - +0 pair of gloves
Will    .....                    s - +0 pair of boots
Stlth   +.........               (no amulet)
HPRegen 0.30/turn                g - ring of flight
MPRegen 0.15/turn                r - ring of protection from cold

@: about to teleport, flying, drained
A: ignite blood 3, powered by pain 1
a: Renounce Religion


You were on level 6 of the Dungeon.
You worshipped Makhleb.
Makhleb was noncommittal.
You visited 1 branch of the dungeon, and saw 7 of its levels.

You collected 380 gold pieces.

Inventory:

Hand Weapons
 a - a +1 vorpal quarterstaff
 d - a +1 whip of freezing
 e - a +2 war axe of flaming
 f - a +2 vorpal hand axe
 A - a +2 dagger of chaos
 C - a +3 halberd (weapon)
Missiles
 k - 3 boomerangs of dispersal
 m - 5 curare-tipped darts
 x - 5 poisoned darts
Armour
 c - a +0 leather armour
 i - a +1 robe of cold resistance
 n - a +2 robe of cold resistance
 o - a +0 pair of gloves (worn)
 s - a +0 pair of boots (worn)
 w - +0 acid dragon scales (worn)
 H - a +2 leather armour of poison resistance
Magical Staves
 B - a staff of earth
Jewellery
 g - a ring of flight (left hand)
 r - a ring of protection from cold (right hand)
 G - a ring of fire
 L - a ring of willpower
Wands
 t - a wand of roots (2)
 F - a wand of charming (4)
Scrolls
 b - 3 scrolls of teleportation
 h - 2 scrolls of enchant weapon {unknown}
 j - 3 scrolls of noise {unknown}
 l - 2 scrolls of vulnerability {unknown}
 p - a scroll of acquirement {unknown}
 q - a scroll of poison {unknown}
 y - 2 scrolls of amnesia
 z - a scroll of magic mapping
 D - 2 scrolls of identify {unknown}
 K - a scroll of immolation {unknown}
Potions
 E - 2 potions of attraction
 I - a potion of lignification


   Skills:
 * Level 5.3 Fighting
 * Level 1.2(3.5) Polearms
 - Level 5.2(5.3) Staves
 - Level 1.0 Throwing
 + Level 4.4 Armour
 + Level 4.7 Dodging
 + Level 4.6 Spellcasting
 + Level 2.6 Conjurations
 + Level 2.7 Summonings
 + Level 2.9 Necromancy
 + Level 5.4 Ice Magic
 + Level 1.9 Invocations


You had 10 spell levels left.
You knew the following spells:

 Your Spells              Type           Power      Damage    Failure   Level
a - Freeze                Ice            76%        1d8       2%          1
b - Frozen Ramparts       Ice            38%        1d6       8%          3
c - Stone Arrow           Conj/Erth      14%        3d7       41%         3

Your spell library contained the following spells:

 Spells                   Type           Power      Damage    Failure   Level
 Necrotise                Necr           48%        1d6       8%          1
 Cigotuvi's Dreadful Rot  Necr/Pois/Air  12%        N/A       26%         2
 Passwall                 Tmut/Erth      2%         N/A       36%         2
 Summon Guardian Golem    Hex/Summ       7%         N/A       38%         3
 Anguish                  Hex/Necr       3%         N/A       80%         4
 Orb of Destruction       Conj           5%         9d5       100%        7
 Spellforged Servitor     Conj/Summ      5%         N/A       100%        7


Dungeon Overview and Level Annotations

Branches:
Dungeon (7/15)             Temple (0/1) D:6

Altars:
Makhleb
Trog
Xom

Annotations:
D:2 1 runed translucent door, Crazy Yiuf


Innate Abilities, Weirdness & Mutations

Your demonic aura causes all spilled blood to erupt in flames.
You sometimes gain a little power by taking damage.


Message History

The killer bee stings you but does no damage.
The killer bee stings you.
* * * LOW HITPOINT WARNING * * *
It was a potion of degeneration.
There was something very wrong with that liquid.
You feel weakened.
You feel dopey.
You feel clumsy.
You feel sick. The killer bee closely misses you. The killer bee stings you.
* * * LOW HITPOINT WARNING * * *
The killer bee stings you but does no damage.
The killer bee closely misses you.
Unknown command.
Unknown command.
Unknown command.
Okay, then.
Unknown command.
As you read the scroll of teleportation, it crumbles to dust.
You feel strangely unstable.
You feel sick. The killer bee stings you.
* * * LOW HITPOINT WARNING * * *
The killer bee stings you.
* * * LOW HITPOINT WARNING * * *
The killer bee barely misses you. x2
Unknown command.
Unknown command.
Unknown command.
Unknown command.
Unknown command.
* * * LOW HITPOINT WARNING * * *
You feel sick. The killer bee misses you. The killer bee barely misses you.
* * * LOW HITPOINT WARNING * * *
You feel sick. The killer bee barely misses you. x2
Okay, then.
The killer bee attacks as you move away!
The killer bee stings you but does no damage.
The killer bee attacks as you move away!
The killer bee stings you but does no damage.
* * * LOW HITPOINT WARNING * * *
You feel sick.
You are no longer poisoned.
The killer bee misses you. The killer bee stings you!
You die...

......## #.......##
##......# ......#
##........###[[....##
.....##
#.........##[[)...##
##...#
#..........#.##...# ###.#
##............##.### ###
#.............####
#............[.# #
#..............## #
##.......y@......## #
#.........y.......#
#######.........<.......#
.............○..........#
#######.................#
#...........##....##
##.........####....# ##
##....###..###....# .####
#.#### ##..###..##


You could see 2 killer bees.

Vanquished Creatures
  Pikel (D:4)
  Maggie (D:6)
  Sigmund (D:2)
  Menkaure (D:4)
  Edmund (D:5)
  An ice beast (D:5)
  3 black bears
  2 ogres
  2 lemures (D:4)
  A centaur (D:7)
  2 bullfrogs
  A necrophage (D:5)
  2 scorpions
  9 wights
  A crimson imp (D:5)
  4 hounds
  4 orc priests
  2 jellies
  Jessica (D:2)
  2 iguanas
  7 orc wizards
  A hound skeleton (D:3)
  3 gnolls (D:3)
  8 adders
  A white imp (D:6)
  An ufetubus (D:6)
  An adder zombie (D:3)
  2 worms
  30 orcs
  8 endoplasms
  5 giant cockroaches
  9 goblins
  7 hobgoblins
  2 quokkas
  8 ball pythons
  7 bats
  A frilled lizard (D:3)
  7 kobolds
  2 quokka zombies (D:3)
  5 rats
157 creatures vanquished.

Vanquished Creatures (others)
  A necrophage (D:5)
  A withered plant (D:3)
2 creatures vanquished.

Grand Total: 159 creatures vanquished

Notes
Turn   | Place    | Note
-------+----------+-------------------------------------------
     0 | D:1      | arthad the Demonspawn Wanderer began the quest for the Orb.
     0 | D:1      | arthad set off with the following items: a +1 vorpal
                  | quarterstaff, a potion of lignification, a +0 leather
                  | armour; and the following spell memorised: Freeze; and the
                  | following spells available to memorise: Frozen Ramparts.
     0 | D:1      | Reached XP level 1. HP: 15/15 MP: 2/2
   302 | D:1      | Gained mutation: You sometimes gain a little power by
                  | taking damage. [demonic ancestry]
   302 | D:1      | Reached XP level 2. HP: 21/21 MP: 3/3
   788 | D:1      | Got the Handbook of the Shadowy Geologist
   995 | D:2      | Gained mutation: Your demonic aura sometimes causes spilled
                  | blood to erupt in flames. [demonic ancestry]
   995 | D:2      | Reached XP level 3. HP: 25/26 MP: 5/5
  1242 | D:2      | Noticed Sigmund
  1262 | D:2      | Killed Sigmund
  1263 | D:2      | Reached skill level 1 in Armour
  1263 | D:2      | Reached XP level 4. HP: 34/34 MP: 5/7
  1263 | D:2      | Reached XP level 5. HP: 39/39 MP: 5/8
  1320 | D:2      | Found a shimmering altar of Xom.
  1390 | D:2      | Found a runed translucent door.
  1391 | D:2      | Noticed Crazy Yiuf
  1945 | D:2      | Noticed Jessica
  1949 | D:2      | Killed Jessica
  2114 | D:3      | Reached XP level 6. HP: 43/46 MP: 1/9
  2243 | D:3      | HP: 2/46 [orc/+0 club (1)]
  2485 | D:3      | Learned a level 3 spell: Frozen Ramparts
  2550 | D:3      | Found a faded altar of an unknown god.
  3409 | D:4      | Gained mutation: Your demonic aura often causes spilled
                  | blood to erupt in flames. [demonic ancestry]
  3409 | D:4      | Reached XP level 7. HP: 14/52 MP: 9/11
  4014 | D:4      | Noticed Pikel
  4411 | D:4      | Killed Pikel
  4412 | D:4      | Reached XP level 8. HP: 45/60 MP: 1/13
  4672 | D:4      | Noticed Menkaure
  4679 | D:4      | Killed Menkaure
  4860 | D:5      | Entered Level 5 of the Dungeon
  5019 | D:5      | Reached skill level 1 in Summonings
  5019 | D:5      | Reached skill level 1 in Necromancy
  5123 | D:5      | Reached skill level 1 in Conjurations
  5490 | D:5      | Found a shimmering altar of Xom.
  5490 | D:5      | Found a burning altar of Makhleb.
  5501 | D:5      | Became a worshipper of Makhleb the Destroyer
  5624 | D:5      | Noticed Edmund
  5637 | D:5      | Killed Edmund
  5638 | D:5      | Gained mutation: Your demonic aura causes all spilled blood
                  | to erupt in flames. [demonic ancestry]
  5638 | D:5      | Reached XP level 9. HP: 55/66 MP: 1/15
  5993 | D:5      | Reached skill level 5 in Ice Magic
  6269 | D:5      | Reached skill level 5 in Staves
  6763 | D:6      | Learned a level 3 spell: Stone Arrow
  6935 | D:6      | Found a staircase to the Ecumenical Temple.
  7116 | D:6      | Noticed Maggie
  7128 | D:6      | HP: 2/61 [Maggie/+0 long sword (13)]
  7130 | D:6      | Killed Maggie
  7131 | D:6      | Reached skill level 1 in Invocations
  7577 | D:6      | Reached skill level 5 in Fighting
  7947 | D:7      | Found a bloodstained altar of Trog.
  8053 | D:7      | Reached skill level 1 in Polearms
  8501 | D:6      | HP: 3/62 [killer bee (1)]
  8503 | D:6      | HP: 1/62 [poisoned by a killer bee]
  8504 | D:6      | Mangled by a killer bee

Illustrated notes

Levels and vault maps discovered:
D:1:      dpeg_cavernosity, layout_loops_ring
D:2:      layout_basic, basic_altar, uniq_jessica, uniq_crazy_yiuf_cottage,
          uniq_sigmund
D:3:      layout_basic, hellmonk_ecumenical_altar_pennies_from_heaven,
          serial_undead, serial_undead_b, serial_undead_c, serial_undead_d,
          serial_undead_f
D:4:      layout_loops_cross, uniq_pikel, uniq_menkaure
D:5:      layout_basic, grunt_temple_overflow_champion_of_chaos, uniq_edmund
D:6:      layout_cave_pods, temple_pool_b, nicolae_figureground_pulse,
          uniq_maggie
D:7:      layout_layer_cave, mainiacjoe_overflow_tiny_flanked,
          minmay_shop_enchanted_jewellery, minmay_misc_feat_x,
          minmay_ruined_shrine, uniq_prince_ribbit1

Skill      XL: |  1  2  3  4  5  6  7  8  9 |
---------------+----------------------------+-----
Ice Magic      | 3 4 5 |  5.4
Fighting       | 2 3 4 5 |  5.3
Staves         | 3 4 5 |  5.2
Armour         | 1 2 3 4 |  4.4
Dodging        | 2 3 4 |  4.7
Spellcasting   | 2 3 4 |  4.6
Summonings     | 1 2 |  2.7
Necromancy     | 1 2 |  2.9
Conjurations   | 1 2 |  2.6
Invocations    | 1 |  1.9
Polearms       | 1 |  1.2
Throwing       | |  1.0

Action                   |  1- 3 |  4- 6 |  7- 9 || total
-------------------------+-------+-------+-------++-------
Melee: Quarterstaff      |    82 |    76 |    94 ||   252
       Halberd           |       |       |   101 ||   101
Throw: Dart              |       |     2 |     3 ||     5
 Cast: Freeze            |    13 |    56 |    97 ||   166
       Frozen Ramparts   |       |     1 |    10 ||    11
Evoke: Wand              |       |       |     2 ||     2
  Use: Potion            |     3 |     1 |     8 ||    12
       Scroll            |       |       |     4 ||     4
 Stab: Sleeping          |     1 |       |     1 ||     2
Armor: Leather armour    |    23 |     3 |       ||    26
       Skin              |     5 |       |       ||     5
       Robe              |       |    42 |    46 ||    88
       Acid dragon scale |       |       |    31 ||    31
Dodge: Dodged            |    48 |   101 |   209 ||   358

Table legend: (Time is in decaauts)
 A = Elapsed time spent in this place.
 B = Non-inter-level travel time spent in this place.
 C = Inter-level travel time spent in this place.
 D = Time resting spent in this place.
 E = Time spent auto-exploring this place.
 F = Levels seen in this place.
 G = Mean time per level.
                   A        B        C        D        E       F      G
               +--------+--------+--------+--------+--------+-----+--------+
         Total |   8579 |   8226 |    353 |   1182 |   5691 |   7 | 1225.6 |
       Dungeon |   8579 |   8226 |    353 |   1182 |   5691 |   7 | 1225.6 |
               +--------+--------+--------+--------+--------+-----+--------+

Top non-repeatable levels by time:
     D:4: 1777 daAuts
     D:6: 1532 daAuts
     D:5: 1491 daAuts
     D:2: 1227 daAuts
     D:3: 1096 daAuts
     D:1: 889 daAuts
     D:7: 565 daAuts
